 Dungeon Crawl Stone Soup version 0.29.1-2-gbd0b4ee654 (webtiles) character file.

Game seed: 14282473401605721671

122 Descartes the Shield-Bearer (level 5, -5/42 HPs)
             Began as a Formicid Fighter on Nov 30, 2022.
             Slain by an iguana (8 damage)
             ... on level 4 of the Dungeon.
             The game lasted 00:02:42 (2009 turns).

Descartes the Shield-Bearer (Formicid Fighter)      Turns: 2009, Time: 00:02:43

Health: -5/42      AC: 11    Str: 20    XL:     5   Next: 27%
Magic:  5/5        EV:  5    Int: 10    God:
Gold:   98         SH:  5    Dex: 13    Spells: 4/4 levels left

rFire   . . .      SeeInvis +   a - +0 war axe
rCold   . . .      Faith    .   c - +0 buckler
rNeg    . . .      Spirit   .   q - +0 plate armour
rPois   .          Reflect  .   (helmet unavailable)
rElec   .          Harm     .   (no cloak)
rCorr   .          Rampage  .   (no gloves)
Will    .....                   (no boots)
Stlth   ..........              (no amulet)
HPRegen 0.14/turn               (no ring)
MPRegen 0.09/turn               (no ring)

@: no status effects
A: permanent stasis, dig shafts and tunnels, antennae 3, four strong arms
a: Dig, Shaft Self


You were on level 4 of the Dungeon.
You visited 1 branch of the dungeon, and saw 4 of its levels.

You collected 98 gold pieces.

Inventory:

Hand Weapons
 a - a +0 war axe (weapon)
Missiles
 u - 5 poisoned darts
Armour
 b - a +0 scale mail
 c - a +0 buckler (worn)
 j - a +0 chain mail
 q - a +0 plate armour (worn)
Wands
 r - a wand of paralysis (14)
Scrolls
 h - a scroll of blinking {unknown}
 m - 2 scrolls of teleportation {unknown}
 n - 2 scrolls of poison {unknown}
 o - 3 scrolls of identify {unknown}
 p - a scroll of magic mapping {unknown}
 t - a scroll of fear {unknown}
Potions
 d - a potion of might
 e - 2 potions of curing {unknown}
 f - a potion of flight {unknown}
 g - 2 potions of mutation {unknown}
 i - a potion of heal wounds {unknown}
 k - a potion of cancellation {unknown}
 l - a potion of haste {unknown}
 s - a potion of berserk rage {unknown}
 v - a potion of invisibility {unknown}


   Skills:
 + Level 4.0 Fighting
 + Level 2.9 Axes
 + Level 4.0 Armour
 + Level 4.9 Shields
 + Level 1.1 Translocations


You had 4 spell levels left.
You didn't know any spells.
Your spell library was empty.

Dungeon Overview and Level Annotations

Branches:
Dungeon (4/15)
 Temple: D:4-7

Altars:
Hepliaklqana
Yredelemnul


Innate Abilities, Weirdness & Mutations

You cannot be hasted, slowed, berserked, paralysed or teleported.
You can dig through walls and to a lower floor.
You have a pair of large antennae on your head. (SInv)
Your four strong arms can wield two-handed weapons with a shield.


Message History

The adder bites you but does no damage. The adder closely misses you.
Things that are here:
a +0 club; a goblin corpse You closely miss the adder.
The adder bites you.
You are poisoned.
The adder poisons you!
You closely miss the adder.
You feel sick. The adder bites you.
You are more poisoned.
The adder poisons you! The adder bites you but does no damage.
You slash the iguana!
The iguana is heavily wounded.
You slash the adder!
You feel very sick. The adder barely misses you.
The iguana completely misses you. The adder bites you but does no damage.
You hit the iguana.
The iguana is heavily wounded.
You barely miss the adder.
You feel sick. The adder bites you but does no damage. The iguana bites you!
The adder barely misses you. The iguana bites you.
You are too injured to fight recklessly!
You are too injured to fight recklessly!
You are too injured to fight recklessly!
You are too injured to fight recklessly!
There are monsters nearby!
Unknown command.
You are too injured to fight recklessly!
You slash the adder!
You kill the adder!
You closely miss the iguana.
You feel sick.
The iguana bites you but does no damage.
You feel sick. The iguana bites you.
You closely miss the iguana.
The iguana is heavily wounded.
You feel sick.
You are no longer poisoned.
The iguana bites you!
* * * LOW HITPOINT WARNING * * *
The iguana bites you!
You die...

..........# #..
..........##...
.............
..#..........
..#........# .#
#..........##..
...........#... .....
.......@.............
......l).............#
..........^.#..... ...
##..............# #..##
......#.####....####....
#.....#.####......# #...
#.................####..
...#.##...<........##...
...#...............#....


You could see an iguana.

Vanquished Creatures
  An orc wizard (D:2)
  5 adders
  A dart slug (D:3)
  2 orcs (D:2)
  6 ball pythons
  4 bats
  5 endoplasms
  3 giant cockroaches
  2 goblins
  6 hobgoblins
  2 quokkas
  3 frilled lizards
  5 kobolds
  3 rats
48 creatures vanquished.

Notes
Turn   | Place    | Note
-------+----------+-------------------------------------------
     0 | D:1      | Descartes the Formicid Fighter began the quest for the Orb.
     0 | D:1      | Reached XP level 1. HP: 18/18 MP: 1/1
   108 | D:1      | Reached XP level 2. HP: 24/24 MP: 2/2
   359 | D:1      | Reached XP level 3. HP: 26/29 MP: 3/3
   423 | D:1      | Found a faded altar of an unknown god.
   946 | D:2      | Reached XP level 4. HP: 37/37 MP: 4/4
  1863 | D:3      | Reached skill level 1 in Translocations
  1863 | D:3      | Reached XP level 5. HP: 40/42 MP: 5/5
  1908 | D:3      | Found a hazy altar of Hepliaklqana.
  1952 | D:3      | You fall into a shaft and drop 1 floor!
  1973 | D:3      | Found a basalt altar of Yredelemnul.
  2009 | D:4      | Slain by an iguana

Illustrated notes

Levels and vault maps discovered:
D:1:      eino_arrival_cavern_a, layout_basic, shapermc_ecumenical_altar_pompeii
D:2:      layout_loops_ring
D:3:      layout_rooms, lemuel_crystal_altar, nicolae_overflow_hidden_temple,
          mainiacjoe_overflow_cross_hatched, serial_glass, glass_columns_b,
          glass_columns_a, corexii_corridor_pit, serial_bayou_pond_e,
          chequers_serial_rivers_micro_e
D:4:      layout_cave_pools, trog_hazing_becter, uniq_pikel, uniq_blork_the_orc,
          uniq_duvessa

Skill      XL: |  1  2  3  4 |
---------------+-------------+-----
Fighting       | 4 |  4.0
Armour         | 4 |  4.0
Translocations | 1 |  1.1
Axes           | |  2.9
Shields        | |  4.9

Action                   |  1- 3 |  4- 6 || total
-------------------------+-------+-------++-------
Melee: War axe           |    63 |    76 ||   139
Armor: Scale mail        |    27 |       ||    27
       Chain mail        |    10 |    21 ||    31
       Plate armour      |       |    35 ||    35
Dodge: Dodged            |    22 |    20 ||    42
Block: Buckler           |    19 |    13 ||    32
